 Dungeon Crawl Stone Soup version 0.27-a0-1548-gf8a67e7463 (webtiles) character file.

Game seed: 9681203035510185065

249 dolemite99 the Cleaver (level 6, -2/51 HPs)
             Began as a Hill Orc Fighter on July 14, 2021.
             Was a Follower of Nemelex Xobeh.
             Slain by a gnoll (6 damage)
             ... on level 2 of the Dungeon.
             The game lasted 00:01:55 (1583 turns).

dolemite99 the Cleaver (Hill Orc Fighter)           Turns: 1583, Time: 00:01:56

Health: -2/51      AC:  8    Str: 21    XL:     6   Next: 12%
Magic:  6/6        EV:  7    Int:  8    God:    Nemelex Xobeh [*.....]
Gold:   49         SH:  9    Dex: 10    Spells: 5/5 levels left

rFire    . . .     SeeInvis .   a - +0 war axe
rCold    . . .     Faith    .   c - +0 kite shield
rNeg     . . .     Spirit   .   b - +0 scale mail
rPois    .         Reflect  .   (helmet restricted)
rElec    .         Harm     .   (no cloak)
rCorr    .         Rampage  .   (no gloves)
Will     .....                  (no boots)
Stlth    ..........             (no amulet)
HPRegen  0.17/turn              (no ring)
MPRegen  0.10/turn              (no ring)

@: no status effects
A: horns 1, iridescent scales 1
a: Renounce Religion, Draw Escape, Draw Destruction, Draw Summoning


You were on level 2 of the Dungeon.
You worshipped Nemelex Xobeh.
Nemelex Xobeh was aware of your devotion.
You visited 1 branch of the dungeon, and saw 2 of its levels.

You collected 49 gold pieces.

Inventory:

Hand Weapons
 a - a +0 war axe (weapon)
Missiles
 g - 37 stones (quivered)
 h - 35 bolts
 i - 41 arrows
Armour
 b - a +0 scale mail (worn)
 c - a +0 kite shield (worn)
Scrolls
 d - a scroll of magic mapping {unknown}
 j - a scroll of teleportation {unknown}
 k - a scroll of amnesia {unknown}
 l - a scroll of fear {unknown}
 m - a scroll of enchant armour {unknown}


   Skills:
 - Level 3.6 Fighting
 + Level 8.2 Axes
 - Level 3.2 Armour
 - Level 3.2 Shields


You had 5 spell levels left.
You didn't know any spells.
Your spell library was empty.

Dungeon Overview and Level Annotations

Branches:
Dungeon (2/15)

Altars:
Nemelex Xobeh


Innate Abilities, Weirdness & Mutations

You have a pair of small horns on your head.
You are partially covered in iridescent scales. (AC +2)


Message History

You see here a +0 club.
You are too injured to fight recklessly!
You barely miss the gnoll. Your headbutt misses the gnoll. You hit the gnoll.
You block the gnoll's attack. The gnoll hits you with a +0 spear.
The gnoll hits you but does no damage.
You are too injured to fight recklessly!
You are too injured to fight recklessly!
You closely miss the gnoll. You hit the gnoll but do no damage.
You block the gnoll's attack.
You barely miss the gnoll. You headbutt the gnoll!
The gnoll is heavily wounded.
You closely miss the gnoll. The gnoll barely misses you.
The gnoll hits you but does no damage. You block the gnoll's attack.
The gnoll hits you with a +0 flail.
You slash the gnoll!
You kill the gnoll!
You hit the gnoll. You hit the gnoll but do no damage.
You block the gnoll's attack. The gnoll hits you with a +0 flail.
The gnoll barely misses you. You block the gnoll's attack.
Things that are here:
a +0 spear; a scroll labelled ROIBOT LEJOI You closely miss the gnoll.
The gnoll hits you from afar with a +0 spear.
The gnoll hits you with a +0 flail!
* * * LOW HITPOINT WARNING * * *
Found 6 gold pieces.
You block the gnoll's attack.
The gnoll hits you from afar with a +0 spear.
* * * LOW HITPOINT WARNING * * *
You aren't carrying any potions.
You aren't carrying any potions.
You barely miss the gnoll. You block the gnoll's attack.
The gnoll hits you with a +0 flail.
* * * LOW HITPOINT WARNING * * *
You hit the gnoll.
The gnoll is lightly wounded.
The gnoll completely misses you.
The gnoll hits you from afar with a +0 spear.
You die...
Your body disappears without a glow.

.........#
.........#
.........#
.........#
....<....##########
..................#
........†.......<.#
................g.#
.####.###.....g.@.#
....#.###.........#
###...............#
# #...............#
####).............#
..##..............#
..##...#######..###
........## ##...#
.#.......# ###.#


You could see 2 gnolls.

Vanquished Creatures
  Sigmund (D:2)
  2 adders (D:2)
  3 gnolls
  3 dart slugs
  A bat (D:1)
  4 endoplasms
  2 giant cockroaches (D:1)
  A goblin (D:1)
  5 hobgoblins (D:1)
  10 jackals
  A ball python (D:1)
  2 frilled lizards (D:1)
  A kobold (D:1)
  A rat (D:1)
37 creatures vanquished.

Notes
Turn   | Place    | Note
-------+----------+-------------------------------------------
     0 | D:1      | dolemite99 the Hill Orc Fighter began the quest for the
                  | Orb.
     0 | D:1      | Reached XP level 1. HP: 19/19 MP: 1/1
    73 | D:1      | Reached skill level 3 in Axes
   171 | D:1      | Reached XP level 2. HP: 26/26 MP: 2/2
   215 | D:1      | Reached skill level 4 in Axes
   676 | D:1      | Reached XP level 3. HP: 24/31 MP: 3/3
   765 | D:1      | Found a faded altar of an unknown god.
   783 | D:1      | Became a worshipper of Nemelex Xobeh the Trickster
   783 | D:1      | Reached * piety under Nemelex Xobeh
   783 | D:1      | Received a gift from Nemelex Xobeh
   997 | D:1      | Reached skill level 5 in Axes
  1219 | D:2      | Reached XP level 4. HP: 24/39 MP: 4/4
  1448 | D:2      | Noticed Sigmund
  1466 | D:2      | Gained mutation: You are partially covered in iridescent
                  | scales. (AC +2) [potion of mutation]
  1466 | D:2      | Gained mutation: You have a pair of small horns on your
                  | head. [potion of mutation]
  1470 | D:2      | Killed Sigmund
  1471 | D:2      | Reached skill level 8 in Axes
  1471 | D:2      | Reached XP level 5. HP: 40/45 MP: 5/5
  1471 | D:2      | Reached XP level 6. HP: 46/51 MP: 6/6
  1583 | D:2      | Slain by a gnoll

Illustrated notes

Levels and vault maps discovered:
D:1:      dpeg_arrival_round_a, layout_loops_ring,
          hellmonk_ecumenical_altar_lost_god, minmay_pentomino_p4
D:2:      layout_rooms, corexii_corridor_pit, uniq_sigmund

Skill      XL: |  1  2  3  4 |
---------------+-------------+-----
Axes           | 3 4 5 8 |  8.2
Fighting       | |  3.6
Armour         | |  3.2
Shields        | |  3.2

Action                   |  1- 3 |  4- 6 || total
-------------------------+-------+-------++-------
Melee: War axe           |    71 |    29 ||   100
       Headbutt          |       |     3 ||     3
Throw: Stone             |    46 |    12 ||    58
  Use: Potion            |       |     3 ||     3
Armor: Scale mail        |    47 |    13 ||    60
Dodge: Dodged            |    32 |     8 ||    40
Block: Kite shield       |    55 |    20 ||    75

Table legend: (Time is in decaauts)
 A = Elapsed time spent in this place.
 B = Non-inter-level travel time spent in this place.
 C = Inter-level travel time spent in this place.
 D = Time resting spent in this place.
 E = Time spent auto-exploring this place.
 F = Levels seen in this place.
 G = Mean time per level.
                   A        B        C        D        E       F      G
               +--------+--------+--------+--------+--------+-----+--------+
         Total |   1652 |   1600 |     52 |    339 |    862 |   2 |  826.0 |
       Dungeon |   1652 |   1600 |     52 |    339 |    862 |   2 |  826.0 |
               +--------+--------+--------+--------+--------+-----+--------+

Top non-repeatable levels by time:
     D:1: 1286 daAuts
     D:2: 365 daAuts
